Match 28854711
Unlisted

Match 28854711
End
Kettenkrad Recon Vehicle
Construct Infanterie Kompanie
Selects Mechanized Battlegroup
MG 42 Machine Gun Team
MG 42 Machine Gun Team
Construct Panzergrenadier Kompanie
Panzergrenadier Squad
Panzergrenadier Squad
Panzergrenadier Officer Quarters
251 Medium Carrier
Support Elements
Nebelwerfer 42 Rocket Launcher Team
Nebelwerfer 42 Rocket Launcher Team
Pak 40 Anti-tank Gun Team
Pak 40 Anti-tank Gun Team
Construct Panzer Kompanie
Selects Raid Package
Selects 8 Rad Armored Car
Selects UNKNOWN (2160084)
Panther Heavy Tank
Selects Spotting Scopes
Selects Stoßtruppen Assault Package
Selects Mechanized Assault
Panzer Officer Quarters
Medical Station
Panther Heavy Tank
KELE
giants041
Alpha Male
GunnmB
gameing
[Strike]LaserClaw
Davil
Scrublord
0
0

Comments sign in to comment!

No comments posted yet!